AoeStats
← Simon Stokvis

Pilgrims

508476982Analyzed
4v4 RM · 9d ago on Sep 22, 2026· 31m 32s· 8 players
Game mode
Random Map
Map size
Large (8 player)
Population
200
Speed
Normal
Resources
Standard
Victory
Conquest
Starting age
Dark Age
Ending age
Imperial Age
RankedLock teamsTeams togetherTeam positionsShared explorationLock speedFull tech treeHidden civsTurbo modeCheats
Victory
Defeat
🇫🇮 Malay · Finland
1650
+13
🇹🇷 Italians · Türkiye
1612
+14
🇳🇱 Saracens · Netherlands
1593
+15
🇨🇳 Spanish · China
1570
+16
🇮🇳 Hindustanis · India
1642
-18
🇺🇸 Malians · United States
1567
-14
🇨🇳 Khmer · China
1545
-13
🇨🇳 Magyars · China
1528
-13
投掷哥布林
8:22 Loom
10:07 Feudal Age
14:16 Castle Age
16:21 Double-Bit Axe
17:22 Bow Saw
16:54 Horse Collar
23:28 Town Watch
24:53 Wheelbarrow
25:44 Gold Mining
27:45 Hand Cart
30:59 Imperial Age
28:36 Scale Barding Armor
28:41 Forging
29:51 Husbandry
30:27 Bloodlines
30:45 Chain Barding Armor
31:01 Iron Casting
31:02 Cavalier
32:25 Plate Barding Armor
32:30 Iron Casting
Simon Stokvis
3:12 Loom
11:48 Feudal Age
16:25 Castle Age
14:17 Fletching
17:07 Town Watch
19:03 Medium Warships
20:01 Double-Bit Axe
23:23 Bodkin Arrow
m1gzu
4:55 Loom
11:58 Feudal Age
15:27 Castle Age
15:12 Double-Bit Axe
15:19 Fletching
16:09 Bow Saw
16:34 Medium Warships
18:42 Bodkin Arrow
19:52 Horse Collar
21:23 Crossbowman
24:22 Ballistics
27:59 Thumb Ring
28:33 Wheelbarrow
30:12 Hand Cart
29:42 Town Watch
30:13 Hand Cart
31:20 Heavy Plow
Itgetsdarker
5:48 Loom
9:48 Feudal Age
11:53 Double-Bit Axe
17:28 Castle Age
18:32 Medium Warships
19:41 Bow Saw
20:16 Fletching
20:28 Padded Archer Armor
23:09 Bodkin Arrow
28:33 Town Watch
30:57 Wheelbarrow
31:43 Leather Archer Armor
梅子雨
3:14 Loom
12:55 Feudal Age
13:45 Fishing Lines
15:59 Scale Barding Armor
23:11 Castle Age
24:28 Double-Bit Axe
24:29 Horse Collar
25:38 Bloodlines
25:30 Husbandry
26:32 Fletching
26:46 Gillnets
28:44 Bow Saw
29:32 Bodkin Arrow
30:06 Padded Archer Armor
31:06 Ballistics
超级硬邦邦
3:58 Loom
11:29 Feudal Age
14:17 Bloodlines
14:31 Forging
15:38 Scale Barding Armor
16:07 Horse Collar
19:30 Gold Mining
22:20 Castle Age
21:19 Double-Bit Axe
21:26 Stone Mining
21:42 Fishing Lines
23:07 Husbandry
24:01 Bow Saw
25:31 Stone Shaft Mining
27:50 Gold Shaft Mining
27:02 Town Watch
27:52 Wheelbarrow
28:53 Heavy Plow
29:52 Hand Cart
Viper
8:24 Loom
10:41 Feudal Age
13:13 Double-Bit Axe
20:20 Castle Age
21:13 Medium Warships
23:18 Wheelbarrow
28:01 Scale Mail Armor
qwer
4:13 Loom
11:42 Feudal Age
12:54 Double-Bit Axe
13:49 Town Watch
16:35 Castle Age
15:14 Fletching
16:53 Gold Mining
17:36 Medium Warships
17:31 Bodkin Arrow
18:30 Fishing Lines
20:47 Forging
21:37 Clinker Construction
22:08 Guard Tower
23:07 Ballistics
23:25 Iron Casting
30:54 Imperial Age
Connection lost

Rejoining the realm…

Still unreachable

The connection could not be restored.

Session expired

The server has moved on; the page needs a fresh start.